TOP OF THE 1ST |
Ft. Polk South Thunder Hawks batting - Pitching for Mercer Island Screaming Eagles : RHP Robert Moody
|
Pitching: RHP Robert Moody
|
|
Batting: SHB Francisco Daulong
|
0-0: Ball 1-0: Foul Ball, location: 2F 1-1: Ball 2-1: Ground out 4-3 (Groundball, 4M, EV 78.1 MPH)
|
Batting: LHB Gabriel Obregón
|
0-0: Ball 1-0: SINGLE (Line Drive, 6M, EV 94.4 MPH)
|
Batting: LHB Remco Mastenbroek
|
0-0: Ball Wild Pitch! Gabriel Obregón to second 1-0: Ball 2-0: Reached on error, E2 (Groundball, 2R, EV 66.9 MPH) Gabriel Obregón to third
|
Batting: LHB Jorge Agramunt
|
0-0: Called Strike 0-1: Fielders Choice at 2nd, 3-6 (Groundball, 3, EV 83.1 MPH) Gabriel Obregón scores
|
Batting: RHB Aubrey Miller
|
0-0: Ball Jorge Agramunt steals 2nd base 1-0: Fly out, F9 (Line Drive, 9, EV 96.9 MPH)
|
Top of the 1st over - 1 run, 1 hit, 1 error, 1 left on base; Ft. Polk South 1 - Mercer Island 0 |
BOTTOM OF THE 1ST |
Mercer Island Screaming Eagles batting - Pitching for Ft. Polk South Thunder Hawks : LHP Sixto Bustamante
|
Pitching: LHP Sixto Bustamante
|
|
Batting: RHB Yoshiki Shimizu
|
0-0: Ball 1-0: Fly out, F7 (Flyball, 78M, EV 83.8 MPH)
|
Batting: RHB Tim Wright
|
0-0: Ball 1-0: Ball 2-0: Foul Ball, location: 2F 2-1: Swinging Strike 2-2: Foul Ball, location: 2F 2-2: Fly out, F9 (Line Drive, 9D, EV 84.4 MPH)
|
Batting: RHB Chut-sai Meng
|
0-0: Ball 1-0: SINGLE (Line Drive, 78S, EV 105.6 MPH)
|
Batting: RHB Dima Tabakaev
|
0-0: Called Strike 0-1: Ground out 4-3 (Groundball, 34, EV 111.2 MPH)
|
Bottom of the 1st over - 0 runs, 1 hit, 0 errors, 1 left on base; Ft. Polk South 1 - Mercer Island 0 |
TOP OF THE 2ND |
Ft. Polk South Thunder Hawks batting - Pitching for Mercer Island Screaming Eagles : RHP Robert Moody
|
Batting: LHB Tim Carson
|
0-0: Ball 1-0: Called Strike 1-1: Fly out, F8 (Flyball, 8LS, EV 85.6 MPH)
|
Batting: RHB Dermott Mann
|
0-0: Ball 1-0: Fly out, F8 (Line Drive, 8RD, EV 104.4 MPH)
|
Batting: RHB Raúl Colomo
|
0-0: Ball 1-0: Fly out, F1 (Line Drive, P, EV 74.4 MPH)
|
Top of the 2nd over - 0 runs, 0 hits, 0 errors, 0 left on base; Ft. Polk South 1 - Mercer Island 0 |
BOTTOM OF THE 2ND |
Mercer Island Screaming Eagles batting - Pitching for Ft. Polk South Thunder Hawks : LHP Sixto Bustamante
|
Batting: RHB Thiago Yepes
|
0-0: Called Strike 0-1: Ball 1-1: Ball 2-1: Ball 3-1: Called Strike 3-2: Foul Ball, location: 2F 3-2: Base on Balls
|
Batting: RHB Juan Lugo
|
0-0: Ball 1-0: Called Strike 1-1: Foul Ball, location: 2F 1-2: Strikes out swinging
|
Batting: LHB Brian Drake
|
0-0: Ball 1-0: Ball 2-0: Called Strike 2-1: Ball 3-1: Foul Ball, location: 2F 3-2: Strikes out looking
|
Batting: RHB Dong-woo Kim
|
0-0: Ball 1-0: Ground out 5-3 (Groundball, 56S, EV 88.1 MPH)
|
Bottom of the 2nd over - 0 runs, 0 hits, 0 errors, 1 left on base; Ft. Polk South 1 - Mercer Island 0 |
TOP OF THE 3RD |
Ft. Polk South Thunder Hawks batting - Pitching for Mercer Island Screaming Eagles : RHP Robert Moody
|
Batting: RHB Kamaaluddeen Kohli
|
0-0: Called Strike 0-1: Swinging Strike 0-2: Foul Ball, location: 2F 0-2: Strikes out swinging
|
Batting: SHB Francisco Daulong
|
0-0: Ball 1-0: Ball 2-0: Swinging Strike 2-1: Foul Ball, location: 2F 2-2: Foul Ball, location: 2F 2-2: Foul Ball, location: 2F 2-2: Foul Ball, location: 2F 2-2: Foul Ball, location: 2F 2-2: Ball 3-2: Base on Balls
|
Batting: LHB Gabriel Obregón
|
0-0: Ball 1-0: Called Strike 1-1: Ball 2-1: Ball 3-1: Foul Ball, location: 2F 3-2: Base on Balls Francisco Daulong to second
|
Batting: LHB Remco Mastenbroek
|
0-0: Ball 1-0: Called Strike Francisco Daulong steals 3rd, throwing error, E2 Francisco Daulong scores Gabriel Obregón to third 1-1: Ground out 6-3 (Groundball, 6, EV 90.0 MPH) Gabriel Obregón scores
|
Batting: LHB Jorge Agramunt
|
0-0: Called Strike 0-1: Swinging Strike 0-2: Ball 1-2: Ball 2-2: Hit by Pitch
|
Batting: RHB Aubrey Miller
|
0-0: Ball 1-0: Called Strike 1-1: Ball 2-1: Ground out 1-3 (Groundball, 13, EV 62.5 MPH)
|
Top of the 3rd over - 2 runs, 0 hits, 1 error, 1 left on base; Ft. Polk South 3 - Mercer Island 0 |
BOTTOM OF THE 3RD |
Mercer Island Screaming Eagles batting - Pitching for Ft. Polk South Thunder Hawks : LHP Sixto Bustamante
|
Batting: RHB Yue-rong Duan
|
0-0: Foul Ball, location: 2F 0-1: Ball 1-1: Ground out 5-3 (Groundball, 56, EV 85.6 MPH)
|
Batting: RHB Yoshiki Shimizu
|
0-0: Ball 1-0: Ball 2-0: Ball 3-0: Called Strike 3-1: SINGLE (Popup, 4D, EV 62.5 MPH)
|
Batting: RHB Tim Wright
|
0-0: Swinging Strike 0-1: Ball 1-1: Ball 2-1: Ball 3-1: Foul Ball, location: 2F 3-2: Base on Balls Yoshiki Shimizu to second
|
Batting: RHB Chut-sai Meng
|
0-0: Ball 1-0: Ball 2-0: SINGLE (Flyball, 7LS, EV 94.4 MPH) Yoshiki Shimizu to third Tim Wright to second
|
Batting: RHB Dima Tabakaev
|
0-0: DOUBLE (Line Drive, 7LM, EV 110.0 MPH) Yoshiki Shimizu scores Tim Wright scores Chut-sai Meng to third Runner from 3rd tries for Home, SAFE, throw by LF to trailing runner, SAFE at third!
|
Batting: RHB Thiago Yepes
|
0-0: Ball 1-0: Foul Ball, location: 2F 1-1: Ball 2-1: Ball 3-1: Foul Ball, location: 2F 3-2: Ground out 5-3 (Groundball, 56S, EV 85.6 MPH) Dima Tabakaev scores
|
Batting: RHB Juan Lugo
|
0-0: Fly out, F9 (Flyball, 9LMF, EV 87.5 MPH)
|
Bottom of the 3rd over - 4 runs, 3 hits, 0 errors, 0 left on base; Ft. Polk South 3 - Mercer Island 4 |
TOP OF THE 4TH |
Ft. Polk South Thunder Hawks batting - Pitching for Mercer Island Screaming Eagles : RHP Robert Moody
|
Batting: LHB Tim Carson
|
0-0: Called Strike 0-1: Swinging Strike 0-2: Ball 1-2: Strikes out swinging
|
Batting: RHB Dermott Mann
|
0-0: SINGLE (Line Drive, 9S, EV 91.9 MPH)
|
Batting: RHB Raúl Colomo
|
0-0: Swinging Strike 0-1: Called Strike 0-2: Ball 1-2: Foul Ball, location: 2F 1-2: Foul Ball, location: 2F 1-2: SINGLE (Line Drive, 6D, EV 98.8 MPH) Dermott Mann to second
|
Batting: RHB Kamaaluddeen Kohli
|
0-0: Swinging Strike 0-1: SINGLE (Groundball, 56D, EV 103.8 MPH) Dermott Mann to third Raúl Colomo to second
|
Batting: SHB Francisco Daulong
|
0-0: Ball 1-0: Ball 2-0: Called Strike 2-1: Ball 3-1: Called Strike 3-2: SINGLE (Line Drive, 9S, EV 101.2 MPH) Dermott Mann scores Raúl Colomo to third Kamaaluddeen Kohli to second
|
Batting: LHB Gabriel Obregón
|
0-0: Ball 1-0: Swinging Strike 1-1: Ball 2-1: Foul Ball, location: 2F 2-2: SINGLE (Line Drive, 7S, EV 86.9 MPH) Raúl Colomo scores Kamaaluddeen Kohli to third Francisco Daulong to second
|
Batting: LHB Remco Mastenbroek
|
0-0: Ball 1-0: Ball 2-0: Ball 3-0: Base on Balls Kamaaluddeen Kohli scores Francisco Daulong to third Gabriel Obregón to second
|
Pitching: RHP Marcos Zambrano
|
|
Batting: LHB Jorge Agramunt
|
0-0: Fly out, F7 (Flyball, 78S, EV 80.0 MPH)
|
Batting: RHB Aubrey Miller
|
0-0: Called Strike 0-1: Fly out, F9 (Flyball, 9D, EV 78.1 MPH)
|
Top of the 4th over - 3 runs, 5 hits, 0 errors, 3 left on base; Ft. Polk South 6 - Mercer Island 4 |
BOTTOM OF THE 4TH |
Mercer Island Screaming Eagles batting - Pitching for Ft. Polk South Thunder Hawks : LHP Sixto Bustamante
|
Batting: LHB Brian Drake
|
0-0: Ball 1-0: Swinging Strike 1-1: Ball 2-1: Ball 3-1: Base on Balls
|
Batting: RHB Dong-woo Kim
|
0-0: Fielders Choice at 2nd, 2-6 (Groundball, 2R, EV 66.9 MPH)
|
Batting: RHB Yue-rong Duan
|
0-0: Ball 1-0: Ball 2-0: Ball 3-0: Called Strike 3-1: Fly out, F8 (Line Drive, 8RM, EV 87.5 MPH)
|
Batting: RHB Yoshiki Shimizu
|
0-0: Fly out, F8 (Flyball, 8RS, EV 88.1 MPH)
|
Bottom of the 4th over - 0 runs, 0 hits, 0 errors, 1 left on base; Ft. Polk South 6 - Mercer Island 4 |
TOP OF THE 5TH |
Ft. Polk South Thunder Hawks batting - Pitching for Mercer Island Screaming Eagles : RHP Marcos Zambrano
|
Batting: LHB Tim Carson
|
0-0: Called Strike 0-1: Foul Ball, location: 2F 0-2: Ball 1-2: Strikes out swinging
|
Batting: RHB Dermott Mann
|
0-0: Ball 1-0: DOUBLE (Line Drive, 7LS, EV 108.1 MPH)
|
Batting: RHB Raúl Colomo
|
0-0: Foul Ball, location: 2F 0-1: Called Strike 0-2: Strikes out looking
|
Batting: RHB Kamaaluddeen Kohli
|
0-0: Ball 1-0: Ball 2-0: Ball 3-0: Called Strike 3-1: Called Strike 3-2: Strikes out swinging
|
Top of the 5th over - 0 runs, 1 hit, 0 errors, 1 left on base; Ft. Polk South 6 - Mercer Island 4 |
BOTTOM OF THE 5TH |
Mercer Island Screaming Eagles batting - Pitching for Ft. Polk South Thunder Hawks : LHP Sixto Bustamante
|
Batting: RHB Tim Wright
|
0-0: Ball 1-0: Ball 2-0: SINGLE (Groundball, 56D, EV 107.5 MPH)
|
Batting: RHB Chut-sai Meng
|
0-0: Ball 1-0: Called Strike 1-1: Foul Ball, location: 2F 1-2: Ball 2-2: Ball 3-2: Foul Ball, location: 2F 3-2: Foul Ball, location: 2F 3-2: Base on Balls Tim Wright to second
|
Pitching: RHP Kwang-sik Kang
|
|
Batting: RHB Dima Tabakaev
|
0-0: Ball 1-0: Called Strike 1-1: Ball 2-1: Fielders Choice at 2nd, 1-6 (Groundball, 13, EV 66.9 MPH) Tim Wright to third
|
Batting: RHB Thiago Yepes
|
0-0: Ball 1-0: Called Strike 1-1: Ball 2-1: Foul Ball, location: 2F 2-2: SINGLE (Groundball, 4MD, EV 101.9 MPH) Tim Wright scores Dima Tabakaev to second
|
Batting: RHB Juan Lugo
|
0-0: Called Strike 0-1: Ball 1-1: Swinging Strike 1-2: Ball 2-2: SINGLE (Groundball, 34D, EV 103.8 MPH) Dima Tabakaev to third Thiago Yepes to second
|
Batting: LHB Brian Drake
|
0-0: Called Strike 0-1: Foul Ball, location: 2F 0-2: Ball 1-2: Fly out, F7 (Flyball, 7S, EV 83.1 MPH)
|
Batting: RHB Dong-woo Kim
|
0-0: Ball 1-0: Ball 2-0: Ball 3-0: Base on Balls Dima Tabakaev scores Thiago Yepes to third Juan Lugo to second
|
Batting: RHB Yue-rong Duan
|
0-0: Ball 1-0: Ball 2-0: Ball 3-0: Base on Balls Thiago Yepes scores Juan Lugo to third Dong-woo Kim to second
|
Batting: RHB Yoshiki Shimizu
|
0-0: Fly out, F7 (Flyball, 7, EV 85.6 MPH)
|
Bottom of the 5th over - 3 runs, 3 hits, 0 errors, 3 left on base; Ft. Polk South 6 - Mercer Island 7 |
TOP OF THE 6TH |
Ft. Polk South Thunder Hawks batting - Pitching for Mercer Island Screaming Eagles : RHP Marcos Zambrano
|
Batting: SHB Francisco Daulong
|
0-0: Ball 1-0: Called Strike 1-1: Called Strike 1-2: SINGLE (Line Drive, 78M, EV 92.5 MPH)
|
Batting: LHB Gabriel Obregón
|
0-0: Ball 1-0: Called Strike 1-1: Bunted foul 1-2: Ball 2-2: Foul Ball, location: 2F 2-2: SINGLE (Groundball, 6D, EV 97.5 MPH) Francisco Daulong to second
|
Batting: LHB Remco Mastenbroek
|
0-0: Called Strike 0-1: Fly out, F8 (Flyball, 8LM, EV 88.1 MPH)
|
Batting: LHB Jorge Agramunt
|
0-0: Ball Francisco Daulong is caught stealing 3rd base 2-5 Gabriel Obregón to second 1-0: Foul Ball, location: 2F 1-1: Foul Ball, location: 2F 1-2: Ball 2-2: Ball Passed Ball! Gabriel Obregón to third 3-2: Fly out, F9 (Line Drive, 9, EV 88.1 MPH)
|
Top of the 6th over - 0 runs, 2 hits, 0 errors, 1 left on base; Ft. Polk South 6 - Mercer Island 7 |
BOTTOM OF THE 6TH |
Mercer Island Screaming Eagles batting - Pitching for Ft. Polk South Thunder Hawks : RHP Kwang-sik Kang
|
Batting: RHB Tim Wright
|
0-0: Foul Ball, location: 2F 0-1: Ball 1-1: Ball 2-1: Foul Ball, location: 2F 2-2: Strikes out swinging
|
Batting: RHB Chut-sai Meng
|
0-0: Ball 1-0: Called Strike 1-1: Foul Ball, location: 2F 1-2: Fly out, F8 (Flyball, 8RD, EV 97.5 MPH)
|
Batting: RHB Dima Tabakaev
|
0-0: Ball 1-0: Foul Ball, location: 2F 1-1: Ball 2-1: Called Strike 2-2: Strikes out swinging
|
Bottom of the 6th over - 0 runs, 0 hits, 0 errors, 0 left on base; Ft. Polk South 6 - Mercer Island 7 |
TOP OF THE 7TH |
Ft. Polk South Thunder Hawks batting - Pitching for Mercer Island Screaming Eagles : RHP Marcos Zambrano
|
Batting: RHB Aubrey Miller
|
0-0: Called Strike 0-1: Ball 1-1: Called Strike 1-2: Foul Ball, location: 2F 1-2: Ball 2-2: Ball 3-2: Foul Ball, location: 2F 3-2: SINGLE (Flyball, 9S, EV 90.0 MPH)
|
Batting: LHB Tim Carson
|
0-0: Called Strike 0-1: Ball 1-1: Ball 2-1: Foul Ball, location: 2F 2-2: Ball 3-2: Strikes out swinging
|
Batting: RHB Dermott Mann
|
0-0: Called Strike 0-1: Ball 1-1: Called Strike 1-2: Foul Ball, location: 2F 1-2: SINGLE (Groundball, 56D, EV 109.4 MPH) Aubrey Miller to second
|
Pitching: RHP Luke Corner
|
|
Batting: RHB Raúl Colomo
|
0-0: Called Strike 0-1: Ball 1-1: Foul Ball, location: 2F 1-2: Ball 2-2: Ball 3-2: Base on Balls Aubrey Miller to third Dermott Mann to second
|
Pinch Hitting: SHB Tomás Gálvez
|
0-0: Ball Passed Ball! Aubrey Miller scores Dermott Mann to third Raúl Colomo to second 1-0: 3-RUN HOME RUN (Flyball, 9D, EV 110.6 MPH), Distance : 386 ft
|
Batting: SHB Francisco Daulong
|
0-0: Swinging Strike 0-1: Ball 1-1: Called Strike 1-2: Strikes out swinging
|
Batting: LHB Gabriel Obregón
|
0-0: Foul Ball, location: 2F 0-1: Ball 1-1: Foul Ball, location: 2F 1-2: Foul Ball, location: 2F 1-2: Ball 2-2: Ball 3-2: SINGLE (Groundball, 6MD, EV 99.4 MPH)
|
Batting: LHB Remco Mastenbroek
|
0-0: Ball 1-0: Foul Ball, location: 2F 1-1: Ball 2-1: Called Strike 2-2: Ball 3-2: Foul Ball, location: 2F 3-2: Strikes out looking
|
Top of the 7th over - 4 runs, 4 hits, 0 errors, 1 left on base; Ft. Polk South 10 - Mercer Island 7 |
BOTTOM OF THE 7TH |
Mercer Island Screaming Eagles batting - Pitching for Ft. Polk South Thunder Hawks : RHP Kwang-sik Kang
|
Now at 3B: Madhavacharta Bhavalakar
|
|
Batting: RHB Thiago Yepes
|
0-0: Ball 1-0: Called Strike 1-1: SINGLE (Line Drive, 7, EV 103.8 MPH)
|
Pitching: LHP Masaki Ito
|
|
Batting: RHB Juan Lugo
|
0-0: Ball 1-0: Ball 2-0: Foul Ball, location: 2F 2-1: Swinging Strike 2-2: Foul Ball, location: 2F 2-2: DOUBLE (Flyball, 89D, EV 100.0 MPH) Thiago Yepes to third
|
Batting: LHB Brian Drake
|
0-0: Foul Ball, location: 2F 0-1: Swinging Strike 0-2: Strikes out swinging
|
Batting: RHB Dong-woo Kim
|
0-0: Called Strike 0-1: Ball 1-1: Ball 2-1: Ball 3-1: Ground out 5-3 (Groundball, 56, EV 80.0 MPH) Thiago Yepes scores
|
Batting: RHB Yue-rong Duan
|
0-0: Called Strike 0-1: Ball 1-1: Called Strike 1-2: Strikes out swinging
|
Bottom of the 7th over - 1 run, 2 hits, 0 errors, 1 left on base; Ft. Polk South 10 - Mercer Island 8 |
TOP OF THE 8TH |
Ft. Polk South Thunder Hawks batting - Pitching for Mercer Island Screaming Eagles : RHP Luke Corner
|
Batting: LHB Jorge Agramunt
|
0-0: Ball 1-0: Swinging Strike 1-1: Ball 2-1: Ball 3-1: SINGLE (Flyball, 8LS, EV 91.9 MPH)
|
Batting: RHB Aubrey Miller
|
0-0: Fly out, F9 (Flyball, 9S, EV 91.2 MPH)
|
Batting: LHB Tim Carson
|
0-0: Called Strike 0-1: Ball 1-1: Foul Ball, location: 2F 1-2: Strikes out swinging
|
Batting: RHB Dermott Mann
|
Pickoff Throw to First - Out! 1-3
|
Top of the 8th over - 0 runs, 1 hit, 0 errors, 0 left on base; Ft. Polk South 10 - Mercer Island 8 |
BOTTOM OF THE 8TH |
Mercer Island Screaming Eagles batting - Pitching for Ft. Polk South Thunder Hawks : LHP Masaki Ito
|
Batting: RHB Yoshiki Shimizu
|
0-0: Ball 1-0: SINGLE (Groundball, 34D, EV 93.8 MPH)
|
Batting: RHB Tim Wright
|
0-0: Called Strike 0-1: Ball 1-1: Ball 2-1: Reached on error, E6 (Popup, 6, EV 68.8 MPH) Yoshiki Shimizu to second
|
Pitching: RHP Sean Kennedy
|
|
Batting: RHB Chut-sai Meng
|
0-0: Ball 1-0: Called Strike 1-1: Ball 2-1: Swinging Strike 2-2: Strikes out swinging
|
Batting: RHB Dima Tabakaev
|
0-0: Ball 1-0: Foul Ball, location: 2F 1-1: Swinging Strike 1-2: Foul Ball, location: 2F 1-2: Foul Ball, location: 2F 1-2: Strikes out looking
|
Batting: RHB Thiago Yepes
|
0-0: Called Strike 0-1: Ball 1-1: Ball 2-1: Fly out, F7 (Flyball, 78M, EV 74.4 MPH)
|
Bottom of the 8th over - 0 runs, 1 hit, 1 error, 2 left on base; Ft. Polk South 10 - Mercer Island 8 |
TOP OF THE 9TH |
Ft. Polk South Thunder Hawks batting - Pitching for Mercer Island Screaming Eagles : RHP Luke Corner
|
Batting: RHB Dermott Mann
|
0-0: Called Strike 0-1: Ground out 5-3 (Groundball, 56, EV 81.2 MPH)
|
Batting: RHB Raúl Colomo
|
0-0: Called Strike 0-1: Ball 1-1: Ground out 3-1 (Groundball, 34, EV 89.4 MPH)
|
Batting: RHB Madhavacharta Bhavalakar
|
0-0: Foul Ball, location: 2F 0-1: Called Strike 0-2: Ball 1-2: Foul Ball, location: 2F 1-2: Strikes out looking
|
Top of the 9th over - 0 runs, 0 hits, 0 errors, 0 left on base; Ft. Polk South 10 - Mercer Island 8 |
BOTTOM OF THE 9TH |
Mercer Island Screaming Eagles batting - Pitching for Ft. Polk South Thunder Hawks : RHP Sean Kennedy
|
Batting: RHB Juan Lugo
|
0-0: Called Strike 0-1: Ball 1-1: SINGLE (Line Drive, 56, EV 104.4 MPH)
|
Batting: LHB Brian Drake
|
0-0: Ball 1-0: Swinging Strike 1-1: Foul Ball, location: 2F 1-2: Ball 2-2: Strikes out swinging
|
Batting: RHB Dong-woo Kim
|
0-0: Ball 1-0: Called Strike 1-1: Called Strike 1-2: Foul Ball, location: 2F 1-2: Ball 2-2: Strikes out swinging
|
Pinch Hitting: SHB Rob Murdoch
|
0-0: Called Strike 0-1: Foul Ball, location: 2F 0-2: Ball 1-2: Strikes out looking
|
Bottom of the 9th over - 0 runs, 1 hit, 0 errors, 1 left on base; Ft. Polk South 10 - Mercer Island 8 |
|